 Dungeon Crawl Stone Soup version 0.29.0-4-gdea44cf6ec (webtiles) character file.

Game seed: 7892558337111092233

21 qw the Firebug (level 2, -2/23 HPs)
             Began as a Ghoul Fire Elementalist on Aug 29, 2022.
             Slain by a goblin
             ... wielding a +0 club
              (4 damage)
             ... on level 2 of the Dungeon.
             The game lasted 00:00:59 (1192 turns).

qw the Firebug (Ghoul Fire Elementalist)            Turns: 1192, Time: 00:00:59

Health: -2/23      AC:  3    Str: 11    XL:     2   Next: 83%
Magic:  3/3        EV: 11    Int: 10    God:
Gold:   52         SH:  0    Dex:  9    Spells: 3/4 levels left

rFire   . . .      SeeInvis .     - Unarmed
rCold   + + .      Faith    .   (no shield)
rNeg    + + +      Spirit   .   d - +0 leather armour
rPois   inf        Reflect  .   (no helmet)
rElec   .          Harm     .   (no cloak)
rCorr   .          Rampage  .   (no gloves)
Will    .....                   (no boots)
Stlth   +.........              (no amulet)
HPRegen 0.00/turn               f - ring of protection from cold
MPRegen 0.08/turn               (no ring)

@: inhibited regen
A: claws 1, cold resistance 1, negative energy resistance 3, inhibited
regeneration, torment resistance 2, devour on kill
a: no special abilities


You were on level 2 of the Dungeon.
You visited 1 branch of the dungeon, and saw 2 of its levels.

You collected 52 gold pieces.


Innate Abilities, Weirdness & Mutations

You are immune to poison.
You have sharp fingernails.
Your flesh is cold resistant. (rC+)
You are immune to negative energy. (rN+++)
You do not regenerate when monsters are visible.
You are immune to unholy pain and torment.
You thrive by killing the living.


   Skills:
 - Level 1.2 Fighting
 - Level 1.7 Dodging
 - Level 2.1 Stealth
 + Level 2.1 Unarmed Combat
 - Level 1.7 Spellcasting
 - Level 0.7 Conjurations
 - Level 2.4 Fire Magic


You had 3 spell levels left.
You knew the following spells:

 Your Spells              Type           Power      Damage    Failure   Level
a - Foxfire               Conj/Fire      16%        2x1d4     22%         1

Your spell library contained the following spells:

 Spells                   Type           Power      Damage    Failure   Level
 Scorch                   Fire           10%        2d6       24%         2
 Conjure Flame            Conj/Fire      4%         6-21      54%         3
 Inner Flame              Hex/Fire       3%         N/A       61%         3
 Flame Wave               Conj/Fire      4%         2d5       91%         4

Inventory:

Missiles
 g - 6 boomerangs (quivered)
Armour
 d - a +0 leather armour (worn)
Jewellery
 f - a ring of protection from cold (left claw)
Potions
 c - a potion of might {unknown}
 i - a potion of lignification {unknown}
 j - a potion of brilliance {unknown}

Dungeon Overview and Level Annotations

Branches:
Dungeon (2/15)

Altars:


Message History

The boomerang closely misses the phantom.
1180 ||| STAIRDANCE The phantom hits you.
The phantom blinks!
You blink.
You stop ascending the stairs.
You scratch the phantom.
The phantom is heavily damaged.
The phantom hits you.
The phantom blinks!
You blink.
A hobgoblin comes into view.
You scratch the phantom.
The phantom is severely damaged.
The phantom closely misses you.
You closely miss the phantom.
The phantom is severely damaged.
The phantom hits you.
The phantom blinks!
You blink.
You miss the phantom.
The phantom is heavily damaged.
The phantom hits you.
The phantom blinks!
You blink.
1185 ||| Stepping ~*~*~tactically~*~*~ (outnumbered).
The hobgoblin attacks as you move away! The hobgoblin closely misses you.
1186 ||| Stepping ~*~*~tactically~*~*~ (outnumbered).
The phantom attacks as you move away!
The phantom hits you but does no damage.
1187 ||| Stepping ~*~*~tactically~*~*~ (outnumbered).
1188 ||| Stepping ~*~*~tactically~*~*~ (outnumbered).
You scratch the phantom.
The phantom is severely damaged.
The hobgoblin barely misses you.
The phantom hits you but does no damage.
You scratch the phantom. You claw the phantom.
The phantom is almost destroyed.
The hobgoblin barely misses you. The phantom closely misses you.
You closely miss the phantom.
The phantom is almost destroyed.
The hobgoblin hits you but does no damage.
The phantom hits you.
You barely miss the phantom.
The phantom is almost destroyed.
The hobgoblin hits you. The phantom closely misses you.
The goblin hits you with a +0 club.
You die...

## #. #. ########
#.
#@gr...###.###.#
#gW......#ยค....#
#................#
#........#########
#.........r....#
#..............#
######........g#
#..<..?...#
#.........#


You could see a phantom, a hobgoblin, a goblin and a rat.

Vanquished Creatures
  2 endoplasms (D:1)
  A giant cockroach (D:1)
  3 goblins (D:1)
  2 hobgoblins (D:1)
  2 kobolds (D:1)
  2 quokkas (D:1)
  2 ball pythons (D:1)
  A bat (D:1)
  A frilled lizard (D:1)
  3 rats (D:1)
19 creatures vanquished.

Notes
Turn   | Place    | Note
-------+----------+-------------------------------------------
     0 | D:1      | qw the Ghoul Fire Elementalist began the quest for the Orb.
     0 | D:1      | Reached XP level 1. HP: 14/14 MP: 2/2
     0 | D:1      | 0 ||| qw: Version: 0.1-a-90-g952f4b7
     0 | D:1      | 0 ||| qw: Game counter: 3912
     0 | D:1      | 0 ||| qw: Always use a shield: true
     0 | D:1      | 0 ||| qw: God list: Okawaru
     0 | D:1      | 0 ||| qw: Allow faded altars: false
     0 | D:1      | 0 ||| qw: Do Orc after D:15 true
     0 | D:1      | 0 ||| qw: Do second Lair branch before Depths: true
     0 | D:1      | 0 ||| qw: Lair rune preference: random
     0 | D:1      | 0 ||| qw: Plans: Normal
     0 | D:1      | 0 ||| PLANNING D:1-11
    33 | D:1      | 33 ||| Stepping ~*~*~tactically~*~*~ (outnumbered).
    34 | D:1      | 34 ||| Stepping ~*~*~tactically~*~*~ (outnumbered).
    36 | D:1      | 36 ||| Stepping ~*~*~tactically~*~*~ (outnumbered).
    37 | D:1      | 37 ||| Stepping ~*~*~tactically~*~*~ (outnumbered).
    38 | D:1      | 38 ||| Stepping ~*~*~tactically~*~*~ (outnumbered).
    41 | D:1      | Reached skill level 1 in Unarmed Combat
   180 | D:1      | Found a faded altar of an unknown god.
   205 | D:1      | 205 ||| Stepping ~*~*~tactically~*~*~ (stealth).
   212 | D:1      | Reached skill level 1 in Fighting
   212 | D:1      | Reached XP level 2. HP: 23/23 MP: 3/3
   284 | D:1      | 284 ||| Stepping ~*~*~tactically~*~*~ (outnumbered).
   285 | D:1      | 285 ||| Stepping ~*~*~tactically~*~*~ (outnumbered).
   286 | D:1      | 286 ||| Stepping ~*~*~tactically~*~*~ (outnumbered).
   287 | D:1      | 287 ||| Stepping ~*~*~tactically~*~*~ (outnumbered).
   289 | D:1      | 289 ||| Stepping ~*~*~tactically~*~*~ (stealth).
   291 | D:1      | 291 ||| Stepping ~*~*~tactically~*~*~ (stealth).
  1133 | D:1      | 1133 ||| UPGRADING to +0 leather armour.
  1143 | D:1      | 1143 ||| DROPPING +0 robe.
  1144 | D:1      | 1144 ||| UPGRADING to ring of protection from cold.
  1145 | D:1      | 1145 ||| READING 2 scrolls labelled CURAUZEBELL.
  1146 | D:1      | 1146 ||| READING scroll labelled QOTOPNEATE.
  1147 | D:1      | 1147 ||| READING scroll labelled ZEPSUDWUHY.
  1148 | D:1      | 1148 ||| DROPPING potion of magic.
  1149 | D:1      | 1149 ||| DROPPING scroll of butterflies.
  1175 | D:2      | Noticed a phantom
  1180 | D:2      | 1180 ||| STAIRDANCE
  1185 | D:2      | 1185 ||| Stepping ~*~*~tactically~*~*~ (outnumbered).
  1186 | D:2      | 1186 ||| Stepping ~*~*~tactically~*~*~ (outnumbered).
  1187 | D:2      | 1187 ||| Stepping ~*~*~tactically~*~*~ (outnumbered).
  1188 | D:2      | 1188 ||| Stepping ~*~*~tactically~*~*~ (outnumbered).
  1191 | D:2      | HP: 5/23 [phantom (2)]
  1192 | D:2      | HP: 2/23 [hobgoblin (3)]
  1192 | D:2      | Slain by a goblin

Levels and vault maps discovered:
D:1:      wander_arrival_fairy_ring, layout_basic, ebering_ecumenical_altar_box,
          nrook_loot_triangle, minmay_tripent
D:2:      layout_basic, uniq_crazy_yiuf_cottage

Skill      XL: |  1  2 |
---------------+-------+-----
Unarmed Combat | 1 2 |  2.1
Fighting       | 1 |  1.2
Dodging        | |  1.7
Stealth        | |  2.1
Spellcasting   | |  1.7
Conjurations   | |  0.7
Fire Magic     | |  2.4

Action                   || total
-------------------------++-------
Melee: Unarmed           ||    80
       Punch             ||     1
Throw: Boomerang         ||    11
  Use: Scroll            ||     3
Armor: Robe              ||    13
       Leather armour    ||     3
Dodge: Dodged            ||    45

Table legend:
 A = Non-vault XP
 B = Vault XP
 C = Vault XP percentage of total XP
 D = Non-vault monster count
 E = Vault monster count
 F = Vault count percentage of total count
                 A         B        C        D         E       F
            +---------+---------+-------+---------+---------+-------
      Total |      27 |       3 |  10.0 |      17 |       2 |  10.5
            +---------+---------+-------+---------+---------+-------
        D:1 |      27 |       3 |  10.0 |      17 |       2 |  10.5
            +---------+---------+-------+---------+---------+-------
